AoeStats
← iAlejandrouae

Socotra

505898111Analyzed
4v4 RM · 21d ago on Sep 11, 2026· 23m 10s· 8 players
Game mode
Random Map
Map size
148×148
Population
200
Speed
Normal
Resources
Standard
Victory
Conquest
Starting age
Dark Age
Ending age
Imperial Age
RankedLock teamsTeams togetherTeam positionsShared explorationLock speedFull tech treeHidden civsTurbo modeCheats
Victory
Defeat
🇸🇪 Gurjaras · Sweden
1458
+17
🇸🇪 Malians · Sweden
1445
+17
🇸🇪 Koreans · Sweden
1417
+19
🇦🇷 Inca · Argentina
1589
-21
1471
-17
🇫🇷 Lithuanians · France
1467
-17
🇨🇴 Tupi · Colombia
1385
-13
маслинный мусульман
6:59 Loom
9:58 Feudal Age
15:28 Double-Bit Axe
18:25 Fletching
19:37 Wheelbarrow
23:41 Castle Age
22:17 Gold Mining
RFR_im_no_pro
8:26 Feudal Age
6:43 Loom
8:28 Feudal Age
9:29 Double-Bit Axe
15:06 Horse Collar
15:59 Scale Barding Armor
18:38 Bloodlines
19:44 Wheelbarrow
24:26 Castle Age
22:45 Gold Mining
Peppe L-G
7:29 Loom
10:14 Feudal Age
10:34 Man-at-Arms
15:34 Scale Mail Armor
TantGredelin
6:59 Loom
9:05 Feudal Age
9:57 Double-Bit Axe
14:30 Fletching
20:50 Castle Age
19:20 Gold Mining
19:10 Horse Collar
21:35 Bodkin Arrow
21:58 Crossbowman
uribeparacohp
5:10 Loom
8:54 Feudal Age
9:52 Double-Bit Axe
12:31 Fletching
24:02 Castle Age
iAlejandrouae
6:01 Loom
11:06 Feudal Age
11:52 Champi Runner
15:43 Scale Mail Armor
18:55 Arson
21:25 Forging
QNA | Apachai Hopachai
5:32 Loom
8:09 Feudal Age
9:03 Double-Bit Axe
18:08 Forging
24:19 Castle Age
23:16 Scale Barding Armor
Rocgash
1:49 Loom
6:31 Loom
8:58 Feudal Age
12:39 Fletching
13:48 Double-Bit Axe
23:52 Castle Age
Connection lost

Rejoining the realm…

Still unreachable

The connection could not be restored.

Session expired

The server has moved on; the page needs a fresh start.